 Dungeon Crawl Stone Soup version 0.18-a0-1789-gbeff17f (webtiles) character file.

196075 seren the Black Sun (level 17, -4/131 HPs)
             Began as a Vampire Necromancer on Apr 10, 2016.
             Was a High Priest of Kikubaaqudgha.
             Shot with a bolt by a naga sharpshooter (17 damage)
             ... on level 3 of the Snake Pit on Apr 21, 2016.
             The game lasted 09:20:31 (59277 turns).

seren the Black Sun (Vampire Necromancer)          Turns: 59277, Time: 09:20:32

Health: -4/131     AC: 16    Str: 10    XL:     17   Next: 73%
Magic:  32/33      EV: 23    Int: 25    God:    Kikubaaqudgha [*****.]
Gold:   2629       SH:  7    Dex: 14    Spells: 9 memorised, 2 levels left

rFire  . . .     SeeInvis +     j - +3 rapier (pain)
rCold  + + .     Gourm    .     M - +2 robe of Ru's Whim {+Blink rPois Str+3 SInv}
rNeg   + + +     Faith    .     L - +2 buckler
rPois  +         Spirit   .     v - +2 helmet
rElec  .         Dismiss  .     w - +2 cloak
rCorr  .         Reflect  .     B - +2 pair of gloves
SustAt .         Harm     .     i - +2 pair of boots
MR     ++...                    e - amulet of magic regeneration
Stlth  +++++++...               R - ring of protection from magic
                                T - +3 ring of evasion

@: about to teleport, regenerating, very resistant to hostile enchantments,
extremely stealthy
A: fangs 3, see invisible, unbreathing
a: Bat Form, Receive Corpses, Torment, Renounce Religion, Evoke Blink
}: 1/15 runes: decaying


You were on level 3 of the Snake Pit.
You worshipped Kikubaaqudgha.
Kikubaaqudgha was extremely pleased with you.
You were near bloodless.

You visited 6 branches of the dungeon, and saw 33 of its levels.

You collected 3214 gold pieces.
You spent 585 gold pieces at shops.

Inventory:

Hand Weapons
 j - a +3 rapier of pain (weapon)
 E - a +2 falchion of electrocution
Missiles
 n - 679 stones (quivered)
Armour
 i - a +2 pair of boots (worn)
 v - a +2 helmet (worn)
 w - a +2 cloak (worn)
 A - a +2 robe of cold resistance
 B - a +2 pair of gloves (worn)
 J - a +2 robe of cold resistance
 L - a +2 buckler (worn)
 M - the +2 robe of Ru's Whim (worn) {+Blink rPois Str+3 SInv}
   (You found it on level 4 of the Dungeon)

   It affects your strength (+3).
   It protects you from poison.
   It lets you see invisible.
   It lets you blink.
Jewellery
 e - an amulet of magic regeneration (around neck)
 m - an uncursed ring of ice
 s - an uncursed ring of wizardry
 C - a +2 ring of intelligence
 R - a ring of protection from magic (right hand)
 T - a +3 ring of evasion (left hand)
 V - an uncursed ring of fire
 X - an uncursed ring of sustain attributes
Wands
 k - a wand of flame (18/48)
 q - a wand of digging (0/24)
 x - a wand of disintegration (10/24)
 P - a wand of enslavement (14/24)
 Z - a wand of hasting (3/9)
Scrolls
 a - 6 scrolls of identify
 d - 10 scrolls of remove curse
 r - a scroll of magic mapping
 t - 7 scrolls of fog
 u - 7 scrolls of teleportation
 y - 4 scrolls of recharging
 z - a scroll of fear
 F - a scroll of silence
Potions
 c - 12 potions of blood
 f - 3 potions of resistance
 g - 3 potions of curing
 l - 6 potions of brilliance
 p - a potion of haste
 D - 4 potions of agility
 G - 8 potions of flight
 H - 3 potions of invisibility
 W - a potion of magic
Books
 h - a book of Enchantments

   Spells                             Type                      Level
   a - Cause Fear                     Hexes                        4
   b - Yara's Violent Unravelling     Hexes/Transmutation          5
   c - Silence                        Hexes/Air                    5
   d - Deflect Missiles               Charms/Air                   6
   e - Haste                          Charms                       6
   f - Discord                        Hexes                        8
 Q - a Necronomicon

   Spells                             Type                      Level
   a - Haunt                          Necromancy/Summoning         7
   b - Borgnjor's Revivification      Necromancy                   8
   c - Death's Door                   Charms/Necromancy            8
   d - Necromutation                  Transmutation/Necromancy     8
Miscellaneous
 b - a box of beasts
 I - a lamp of fire


   Skills:
 + Level 11.2 Fighting
 - Level 14.0 Short Blades
 + Level 13.4 Dodging
 + Level 12.9 Stealth
 - Level 4.0 Shields
 - Level 12.0 Spellcasting
 + Level 4.6 Charms
 + Level 17.3 Necromancy
 - Level 6.0 Ice Magic
 - Level 7.1 Evocations


You had 2 spell levels left.
You knew the following spells:

 Your Spells              Type           Power        Failure   Level  Hunger
a - Agony                 Necr           #######.     1%          5    ###....
b - Bolt of Draining      Conj/Necr      ######....   3%          5    ###....
c - Death Channel         Necr           #######...   1%          6    #####..
d - Animate Dead          Necr           N/A          1%          4    None
p - Pain                  Necr           ####         0%          1    None
r - Regeneration          Chrm/Necr      ######....   1%          3    None
s - Simulacrum            Ice/Necr       ######....   6%          6    #####..
u - Dispel Undead         Necr           #######.     1%          5    ###....
v - Vampiric Draining     Necr           #######...   0%          3    None


Dungeon Overview and Level Annotations

Branches:
Dungeon (14/15)            Temple (1/1) D:4            Lair (8/8) D:9
  Swamp (4/4) Lair:5        Snake (4/4) Lair:5        Slime (0/6) Lair:6
    Orc (2/2) D:10            Elf (0/3) Orc:2        Vaults (0/5) D:14

Altars:
Ashenzari
Cheibriados
Dithmenos
Elyvilon
Fedhas
Gozag
Kikubaaqudgha
Makhleb
Nemelex Xobeh
Okawaru
Pakellas
Qazlal
Ru
Sif Muna
Trog
Vehumet
Xom
Yredelemnul
Zin
The Shining One

Shops:
D:5 !   D:6 *   D:9 *   D:11 =   Orc:2 }*[(   Snake:2 :[*([   Snake:3 }

Portals:
Trove: D:12 (give 17 potions of curing)

Annotations:
D:3 barb4r1an's ghost, amateur GrFi
D:5 rakasha, exclusion: rakshasa
D:6 exclusion: downstairs
D:10 exclusion: downstairs
Swamp:3 exclusion: downstairs
Snake:3 exclusion: 2 downstairs


Innate Abilities, Weirdness & Mutations

You heal slowly.
You have razor-sharp teeth.
You have supernaturally acute eyesight.
You can survive without breathing.


Message History

The black mamba bites you but does no damage.
A salamander comes into view. It is wielding a trident.
Read which item? (? for menu, Esc to quit)
As you read the scroll of teleportation, it crumbles to dust.
You feel strangely unstable. The black mamba misses you. x2
The black mamba barely misses you.
The salamander moves out of view.
The black mamba bites you but does no damage.
You block the black mamba's attack. The black mamba bites you.
* * * LOW HITPOINT WARNING * * *
You are lethally poisoned!
The black mamba poisons you! The black mamba misses you.
Drink which item? (? for menu, Esc to quit)
You feel better.
The black mamba completely misses you. x2
The black mamba misses you. x2; The black mamba closely misses you. x2
The naga sharpshooter casts a spell.
The naga sharpshooter magically shoots a bolt.
The bolt hits you!
You die...
Kikubaaqudgha rasps: "You have failed me!
Welcome... oblivion!"

### ##.## ##...## ##.....##
##.......## ##S@.......##
##.SS........##
##...N.........##
#...............##
##...N............###
##...#...............###
##>..##.................#
##...###..................
##...####.............##...


You could see a naga sharpshooter, a salamander mystic and 3 black mambas.

Vanquished Creatures
  Gastronok (Lair:2)
  4 greater nagas
  An orc warlord (Orc:1)
  Aizul (Snake:4)
  Nessos (D:13)
  The ghost of Shenda the Blocker, a journeyman MiFi of Xom (D:13)
  Snorg (D:11)
  2 fire dragons
  Josephine (D:11)
  4 naga warriors
  Fannar (Orc:1)
  2 ice dragons (Lair:8)
  16 hydras
  2 ghost crabs
  2 centaur warriors (D:13)
  A death knight (D:13)
  6 anacondas
  Erica (D:11)
  3 death yaks
  8 alligators
  4 orc high priests (Orc:2)
  6 naga sharpshooters
  7 shock serpents
  6 salamander mystics
  An unseen horror (D:11)
  2 sea snakes (Snake:4)
  A spriggan druid (Swamp:2)
  9 swamp dragons
  5 hill giants
  2 naga ritualists
  2 lindwurms (Lair:8)
  7 orc knights
  2 ugly things
  5 mana vipers
  A wolf spider zombie (D:12)
  12 salamanders
  2 griffons
  7 slime creatures
  3 orc sorcerers
  A cyclops (D:14)
  A manticore (D:11)
  3 centaur zombies
  A guardian serpent (Snake:4)
  16 elephants
  45 black mambas
  8 naga magi
  18 spiny frogs
  4 torpor snails (Lair:8)
  3 rime drakes
  2 kobold demonologists
  12 komodo dragons
  A tengu conjurer (D:13)
  3 trolls
  A two-headed ogre (Orc:1)
  8 giant leeches
  5 bog bodies
  2 boulder beetles
  Grinder (D:4)
  10 blink frogs
  3 shadows
  6 wraiths
  A spriggan (Swamp:3)
  2 wyverns
  Grum (D:11)
  38 yaks
  A basilisk (Lair:8)
  A steam dragon (Lair:8)
  7 hippogriffs
  Edmund (D:6)
  12 swamp worms
  7 vampire mosquitoes
  3 insubstantial wisps
  3 wargs (Orc:1)
  19 nagas
  A mottled dragon (Lair:8)
  12 water moccasins
  15 porcupines
  5 sky beasts
  9 swamp drakes
  4 ice beasts
  43 orc warriors
  7 wasps
  An eye of draining (D:10)
  3 black bears
  13 ogres
  4 phantoms
  13 centaurs
  6 wolves
  17 crocodiles
  Blork the orc (D:4)
  4 big kobolds
  24 giant frogs
  6 scorpions
  9 killer bees
  4 wights (D:10)
  3 howler monkeys (D:10)
  A jelly (D:8)
  3 electric eels
  2 quasits
  2 crimson imps (D:10)
  4 giant frog skeletons
  11 hounds
  A gnoll shaman (D:7)
  33 orc priests
  24 orc wizards
  2 centaur skeletons
  10 iguanas
  6 worker ants
  13 sheep
  A hound skeleton (D:8)
  A hound zombie (D:5)
  A worker ant zombie (D:9)
  8 gnolls
  75 river rats
  27 adders
  2 shadow imps
  2 oozes
  An adder zombie (D:7)
  18 worms
  A dart slug (D:3)
  7 giant geckos
  97 orcs
  7 ball pythons
  11 bats
  6 giant cockroaches
  7 goblins
  8 hobgoblins
  4 jackals
  8 quokkas
  3 giant newts
  A jackal zombie (D:8)
  16 kobolds
  7 rats
  3 briar patches (Swamp:3)
  2 fungi (Lair:8)
  3 plants (Lair:8)
1036 creatures vanquished.

Vanquished Creatures (collateral kills)
  Jorgrun (Swamp:4)
  Agnes (Snake:4)
  3 thorn hunters (Swamp:3)
  3 greater nagas
  Roxanne (Swamp:4)
  A stone giant (Orc:2)
  2 anacondas
  2 hydras
  2 ghost crabs
  7 alligators
  A death yak (Lair:8)
  An orc high priest (Orc:2)
  5 sea snakes (Snake:4)
  9 swamp dragons
  2 spriggan druids (Swamp:3)
  3 naga ritualists
  3 shambling mangroves (Swamp:3)
  A hill giant (D:11)
  2 mana vipers
  2 hornets
  5 elephants (Lair:7)
  5 salamanders
  2 black mambas
  2 guardian serpents (Snake:4)
  A torpor snail (Lair:8)
  3 naga magi
  A gargoyle (D:13)
  A spiny frog (Lair:8)
  A komodo dragon (Lair:8)
  A rime drake (Swamp:4)
  2 kobold demonologists (D:13)
  A harpy zombie (D:13)
  A two-headed ogre (D:8)
  2 trolls
  7 giant leeches
  2 blink frogs
  9 slime creatures
  A bog body (Swamp:2)
  3 spriggans
  3 yaks
  2 shadows
  2 steam dragons (Lair:8)
  A basilisk (Lair:8)
  A hungry ghost (D:9)
  4 vampire mosquitoes (Swamp:2)
  4 hippogriffs
  10 swamp worms
  18 insubstantial wisps
  10 nagas
  A mottled dragon (Lair:8)
  A porcupine (Lair:3)
  2 water moccasins
  7 swamp drakes
  10 orc warriors
  6 wasps
  A phantom (D:7)
  An ogre (D:4)
  2 centaurs (D:13)
  5 crocodiles
  A big kobold (D:13)
  2 giant frogs
  7 killer bees
  A howler monkey (D:10)
  A crimson imp (D:7)
  9 orc priests
  2 iguanas
  11 orc wizards
  A worker ant (D:8)
  A hound zombie (D:7)
  3 gnolls
  3 adders
  35 river rats
  An adder zombie (D:8)
  4 worms (Lair:8)
  A giant gecko (D:7)
  46 orcs
  2 ball pythons
  A bat (D:2)
  A giant cockroach (D:4)
  2 goblins
  A quokka (D:8)
  10 kobolds
  2 fungi
  4 plants (Lair:8)
345 creatures vanquished.

Vanquished Creatures (others)
  A salamander (Snake:1)
  A black mamba (Snake:4)
  A phantom (D:8)
  3 briar patches (Swamp:3)
  16 fungi
  22 plants
44 creatures vanquished.

Grand Total: 1425 creatures vanquished

Notes
Turn   | Place    | Note
--------------------------------------------------------------
     0 | D:1      | seren the Vampire Necromancer began the quest for the Orb.
     0 | D:1      | Reached XP level 1. HP: 13/13 MP: 3/3
   339 | D:1      | Reached XP level 2. HP: 19/19 MP: 5/5
  1223 | D:2      | Reached skill level 5 in Necromancy
  1233 | D:1      | Reached XP level 3. HP: 14/24 MP: 2/6
  1470 | D:1      | Learned a level 1 spell: Animate Skeleton
  2072 | D:2      | Found a white marble altar of Elyvilon.
  2935 | D:2      | Reached XP level 4. HP: 28/30 MP: 4/7
  3408 | D:3      | Learned a level 4 spell: Animate Dead
  4367 | D:3      | Noticed barb4r1an's ghost (amateur GrFi)
  4785 | D:3      | Reached skill level 6 in Necromancy
  4785 | D:3      | Reached XP level 5. HP: 26/35 MP: 3/8
  5006 | D:3      | Reached skill level 5 in Stealth
  5591 | D:4      | Noticed Blork the orc
  5634 | D:4      | Noticed an ogre
  5806 | D:4      | Found a sand-covered staircase.
  5935 | D:4      | Noticed an ogre
  6135 | D:4      | Noticed Grinder
  6216 | D:5      | Entered Level 5 of the Dungeon
  6216 | D:5      | Noticed a centaur
  6228 | D:5      | Killed a centaur
  6228 | D:5      | Reached XP level 6. HP: 34/41 MP: 7/10
  6482 | D:5      | Found an ancient bone altar of Kikubaaqudgha.
  6485 | D:5      | Found a snail-covered altar of Cheibriados.
  6525 | D:5      | Found a glowing silver altar of Zin.
  6674 | D:3      | Learned a level 3 spell: Regeneration
  6795 | D:3      | Upgraded the game from 0.18-a0-1730-g73f0523 to 0.18-a0-1745-gffa9a88
  6905 | D:5      | Reached skill level 1 in Fighting
  6905 | D:5      | Reached skill level 1 in Short Blades
  6905 | D:5      | Reached skill level 7 in Necromancy
  7137 | D:5      | Found Woima's Distillery.
  7499 | D:6      | Found Unluj's Assorted Antiques.
  7550 | D:5      | Became a worshipper of Kikubaaqudgha
  7632 | D:6      | Found a shattered altar of Ashenzari.
  7644 | D:6      | Reached XP level 7. HP: 30/48 MP: 2/11
  7940 | D:5      | Found an oddly glowing altar of Pakellas.
  7940 | D:5      | Noticed a rakshasa
  8647 | D:6      | Noticed Edmund
  8834 | D:6      | Found a shattered altar of Ashenzari.
  9046 | D:7      | Reached XP level 8. HP: 46/57 MP: 8/13
  9650 | D:7      | Reached * piety under Kikubaaqudgha
  9650 | D:7      | Received a gift from Kikubaaqudgha
  9651 | D:7      | Identified Kikubaaqudgha's Almanac of Evil Rituals (Kikubaaqudgha gifted it to you on level 7 of the Dungeon)
 10003 | D:7      | Reached skill level 8 in Necromancy
 10309 | D:7      | Found a radiant altar of Vehumet.
 10310 | D:7      | Found a burning altar of Makhleb.
 10389 | D:7      | Reached XP level 9. HP: 35/64 MP: 9/16
 10775 | D:7      | Got an encrusted great mace
 11329 | D:4      | Found a staircase to the Ecumenical Temple.
 11393 | D:4      | Reached skill level 5 in Spellcasting
 11408 | D:4      | Reached skill level 5 in Dodging
 11681 | D:4      | Killed Blork the orc
 11741 | D:4      | Killed Grinder
 11754 | D:4      | Got a faintly humming robe
 11774 | D:4      | Identified the +2 robe of Ru's Whim {+Blink rPois Str+3 SInv} (You found it on level 4 of the Dungeon)
 12013 | D:6      | Killed Edmund
 12169 | Temple   | Entered the Ecumenical Temple
 12497 | D:8      | Found a snail-covered altar of Cheibriados.
 12594 | D:8      | Reached skill level 5 in Short Blades
 12872 | D:8      | Reached skill level 9 in Necromancy
 13612 | D:7      | Identified the cursed +0 great mace of Termination {vamp, Int+3} (You found it on level 7 of the Dungeon)
 14237 | D:8      | Reached skill level 1 in Evocations
 14264 | D:8      | Reached XP level 10. HP: 60/73 MP: 5/18
 14568 | D:8      | Upgraded the game from 0.18-a0-1745-gffa9a88 to 0.18-a0-1748-g7377c14
 14600 | D:8      | Learned a level 5 spell: Dispel Undead
 14692 | D:9      | Found Xeisaso's General Store.
 14892 | D:9      | Found a staircase to the Lair.
 15154 | D:9      | Reached skill level 5 in Fighting
 15154 | D:9      | Reached skill level 10 in Necromancy
 15295 | D:9      | Reached ** piety under Kikubaaqudgha
 15405 | D:9      | Learned a level 5 spell: Bolt of Draining
 15544 | Lair:1   | Entered Level 1 of the Lair of Beasts
 15860 | D:9      | Got a diamond-encrusted chain mail
 16066 | D:10     | Entered Level 10 of the Dungeon
 16077 | D:10     | Found a staircase to the Orcish Mines.
 17048 | D:9      | Reached XP level 11. HP: 72/80 MP: 11/21
 17830 | D:11     | Noticed a cyan ugly thing
 17873 | D:11     | Noticed Erica
 18202 | Lair:1   | Reached skill level 11 in Necromancy
 19456 | Lair:2   | Reached *** piety under Kikubaaqudgha
 19456 | Lair:2   | Received a gift from Kikubaaqudgha
 19772 | Lair:1   | Learned a level 3 spell: Vampiric Draining
 20110 | Lair:1   | Identified the cursed +0 chain mail of the Sun {rF+ Int+2} (You found it on level 9 of the Dungeon)
 20200 | Lair:2   | Identified Kikubaaqudgha's Almanac of Black Rites (Kikubaaqudgha gifted it to you on level 2 of the Lair of Beasts)
 20709 | Lair:2   | Noticed Gastronok
 21259 | Lair:3   | Reached **** piety under Kikubaaqudgha
 22247 | Lair:4   | Reached XP level 12. HP: 89/89 MP: 13/24
 22445 | Lair:3   | Upgraded the game from 0.18-a0-1748-g7377c14 to 0.18-a0-1764-gf4ddf0b
 22449 | Lair:4   | Reached skill level 12 in Necromancy
 24504 | Lair:5   | Found a staircase to the Snake Pit.
 25256 | Lair:5   | Found a staircase to the Swamp.
 25351 | Lair:4   | Reached skill level 5 in Evocations
 25686 | Lair:5   | Reached ***** piety under Kikubaaqudgha
 26473 | Lair:6   | Found a staircase to the Slime Pits.
 26477 | Lair:6   | Noticed a five-headed hydra
 26485 | Lair:6   | Killed a five-headed hydra
 26853 | Lair:6   | Reached skill level 13 in Necromancy
 27092 | Lair:6   | Reached XP level 13. HP: 96/96 MP: 10/26
 29122 | Lair:8   | Entered Level 8 of the Lair of Beasts
 29546 | Lair:8   | Found a runed door.
 29667 | Lair:8   | Reached skill level 10 in Spellcasting
 30054 | Lair:7   | Upgraded the game from 0.18-a0-1764-gf4ddf0b to 0.18-a0-1773-gec4f98e
 31404 | Lair:8   | Reached skill level 10 in Dodging
 31409 | Lair:8   | Reached ****** piety under Kikubaaqudgha
 31455 | Lair:8   | Noticed a fire dragon
 31529 | Lair:8   | Reached skill level 14 in Necromancy
 32078 | D:5      | Identified a +2 rapier of pain (a +0 rapier bloodied by Kikubaaqudgha)
 32078 | D:5      | Received a gift from Kikubaaqudgha
 32251 | Orc:1    | Entered Level 1 of the Orcish Mines
 32834 | Lair:8   | Reached XP level 14. HP: 88/105 MP: 26/28
 33834 | Lair:8   | Reached skill level 10 in Short Blades
 34762 | Orc:1    | Paralysed by an orc sorcerer for 4 turns
 35215 | Orc:2    | Entered Level 2 of the Orcish Mines
 36623 | Orc:2    | Noticed a stone giant
 36870 | Orc:2    | Killed a stone giant
 37557 | Orc:2    | Found a staircase to the Elven Halls.
 38191 | Orc:2    | Learned a level 6 spell: Death Channel
 38956 | Orc:1    | Noticed an orc warlord
 39016 | Orc:1    | Killed an orc warlord
 39254 | Orc:1    | Noticed Fannar
 39283 | Orc:1    | Killed Fannar
 39956 | Orc:2    | Paralysed by an orc sorcerer for 6 turns
 40103 | Orc:2    | Found Ysi Kutz's Antique Armour Shoppe.
 40279 | Orc:2    | Found Cunaedi's Assorted Antiques.
 40279 | Orc:2    | Found Woczoatigi's Gadget Shoppe.
 40280 | Orc:2    | Found Lixaisak's Antique Weapon Shoppe.
 40296 | Orc:2    | Bought a runed robe for 23 gold pieces
 40559 | D:11     | Killed Erica
 40559 | D:11     | Reached skill level 15 in Necromancy
 40627 | Lair:1   | Identified a scroll of acquirement
 40628 | Lair:1   | Got a pitted crystal plate armour
 40639 | Lair:1   | Identified the +12 crystal plate armour "Jurirem" {-Tele rPois Regen+ rCorr Stlth+} (You acquired it on level 1 of the Lair of Beasts)
 40751 | D:11     | Found Sunaekk's Jewellery Shop.
 40760 | D:11     | Bought an uncursed amulet of magic regeneration for 450 gold pieces
 40853 | D:11     | Noticed Josephine
 40895 | D:11     | Killed Josephine
 41448 | D:11     | Upgraded the game from 0.18-a0-1773-gec4f98e to 0.18-a0-1788-g92de1ac
 41557 | D:11     | Noticed Grum
 41596 | D:11     | Killed Grum
 42011 | D:11     | Learned a level 6 spell: Simulacrum
 42195 | D:11     | Noticed Snorg
 42197 | D:11     | Killed Snorg
 42226 | D:11     | Reached XP level 15. HP: 94/113 MP: 24/30
 42378 | D:12     | Found a portal to a secret trove of treasure.
 42982 | D:13     | Noticed Nessos
 42998 | D:13     | Killed Nessos
 42998 | D:13     | Reached skill level 1 in Ice Magic
 43346 | D:13     | Noticed Shenda's ghost (journeyman MiFi)
 43374 | D:13     | Killed Shenda's ghost
 44273 | D:14     | Found a gate to the Vaults.
 44848 | Swamp:1  | Entered Level 1 of the Swamp
 46131 | Swamp:2  | Identified the Guide on Intoxication and Stones
 46215 | Swamp:2  | Reached skill level 16 in Necromancy
 46541 | Swamp:2  | Got a polished trident
 46542 | Swamp:2  | Identified the cursed +2 trident "Lery" {drain, rElec} (You found it on level 2 of the Swamp)
 47095 | Lair:1   | Gained mutation: Your spells are a little harder to cast, but a little more powerful. [potion of beneficial mutation]
 47103 | Lair:1   | Lost mutation: Your spells are a little harder to cast, but a little more powerful. [potion of cure mutation]
 47330 | Swamp:3  | Noticed a thorn hunter
 47730 | Swamp:3  | Killed a thorn hunter
 47730 | Swamp:3  | Reached skill level 1 in Shields
 48280 | Swamp:3  | Reached XP level 16. HP: 70/122 MP: 31/31
 48615 | Swamp:4  | Entered Level 4 of the Swamp
 48615 | Swamp:4  | Noticed a thorn hunter
 48627 | Swamp:3  | Killed a thorn hunter
 49171 | Swamp:4  | Noticed Roxanne
 49314 | Swamp:4  | Noticed Mara
 49721 | Swamp:3  | Noticed a thorn hunter
 49730 | Swamp:3  | Killed a thorn hunter
 49730 | Swamp:3  | Reached skill level 10 in Fighting
 50039 | Swamp:4  | Noticed Jorgrun
 50049 | Swamp:4  | Noticed seren's illusion
 50212 | Swamp:4  | Reached skill level 10 in Stealth
 50918 | Swamp:4  | Noticed seren's illusion
 50952 | Swamp:4  | Killed Jorgrun
 51066 | Swamp:4  | Killed Roxanne
 51219 | Swamp:4  | Got a decaying rune of Zot
 51407 | Lair:2   | Killed Gastronok
 51434 | Lair:2   | Upgraded the game from 0.18-a0-1788-g92de1ac to 0.18-a0-1789-gbeff17f
 51566 | Snake:1  | Entered Level 1 of the Snake Pit
 51592 | Snake:1  | Got a slimy hand axe
 51593 | Snake:1  | Identified the +6 hand axe of the Heart {freeze, MR+} (You found it on level 1 of the Snake Pit)
 52754 | Snake:2  | Found Qilidghe's Antique Armour Shoppe.
 52761 | Snake:2  | Bought a runed helmet for 112 gold pieces
 53096 | Snake:2  | Found Beedomugue's Weapon Shoppe.
 53396 | Snake:2  | Found Ovif's Book Shop.
 53679 | Snake:2  | Learned a level 5 spell: Agony
 53681 | Snake:2  | Found Plog's Armour Emporium.
 54412 | Snake:2  | Reached XP level 17. HP: 123/129 MP: 18/32
 54424 | Snake:2  | Found Ritalack's Assorted Antiques.
 54643 | Snake:3  | Reached skill level 1 in Charms
 55086 | Snake:2  | Reached skill level 5 in Ice Magic
 55159 | Snake:3  | Found Ilyec's Gadget Shoppe.
 55929 | Snake:4  | Entered Level 4 of the Snake Pit
 56290 | Snake:4  | Found a blossoming altar of Fedhas.
 56796 | Snake:2  | You fall through a shaft!
 56871 | Snake:4  | Reached skill level 17 in Necromancy
 56883 | Snake:4  | Noticed Agnes
 57273 | Snake:4  | Killed Agnes
 57942 | Snake:4  | Noticed Aizul
 57975 | Snake:4  | Killed Aizul
 59265 | Snake:4  | HP: 5/131 [black mamba (4)]
 59275 | Snake:3  | HP: 4/131 [black mamba (6)]
 59277 | Snake:3  | Shot with a bolt by a naga sharpshooter

Vault maps used:
D:1:      matt_arrival_diagonals, serial_bayou_lake_a
D:2:      elyvilon_altar_1
D:3:      first_bread, minmay_snake_closets
D:4:      minmay_temple_entry_statues_pillars, nicolae_ossuary_entry_monument,
          uniq_grinder, uniq_blork_the_orc
D:5:      gammafunk_pakellas_cloud_experiment, zin_academy,
          nicolae_overflow_hidden_temple, serial_shops,
          nicolae_shop_window_shopping
D:6:      kennysheep_mini, serial_shops, nicolae_shop_waterfront,
          ashenzari_altar_1, uniq_edmund
D:7:      grunt_temple_overflow_lords_of_destruction
D:8:      basic_altar, grunt_pizzeria, kennysheep_generic_room_8
D:9:      dpeg_lair_monsters, serial_shops, shop
D:10:     orc_0_dummy
D:11:     serial_shops, nicolae_shop_statue_plus, uniq_erica, uniq_josephine,
          uniq_snorg, uniq_grum
D:12:     trove_entry_hex_spiral
D:13:     boulder_indie, uniq_nessos
D:14:     david_vaults_2
Temple:   triangle_lava_temple_12
Lair:2:   hangedman_lair_unloving_vines, hibernation_bobbens,
          infiniplex_staircase_pool, grunt_megastairs_2, uniq_gastronok
Lair:3:   beast_lair_carwin_10, grunt_megastairs_1
Lair:4:   st_stairs_9
Lair:5:   minmay_swamp_entry_eels
Lair:6:   slime_dummy, infiniplex_staircase_pool_2
Lair:8:   wormcave, guppyfry_lair_end_dragon, portal_ice_cave_entry_dragon,
          serial_bayou_pond_e, eino_small_chamber_without_monster
Swamp:1:  evilmike_swamp_ruin_house_1
Swamp:2:  evilmike_swamp_ruin_house_4, st_swamp_ruins_3
Swamp:3:  serial_swamp_ruin, evilmike_swamp_ruin_house_2,
          evilmike_swamp_ruin_house_6, evilmike_swamp_ruin_house_5
Swamp:4:  swamp_alternative, uniq_roxanne, uniq_jorgrun, uniq_mara
Snake:1:  cheibrodos_snake_lava_hold
Snake:2:  serial_shops, shop, shop, shop, nicolae_shop_statue_plus,
          nicolae_shop_stone, lemuel_fruit_tree
Snake:3:  serial_shops, shop
Snake:4:  grunt_snake_rune_pools, basic_altar, grunt_ministairs_15,
          grunt_megastairs_3, uniq_asterion, uniq_agnes, uniq_aizul,
          uniq_vashnia
Orc:1:    uniq_fannar
Orc:2:    st_orc_pillars, nicolae_orc_sculptors_studio,
          nicolae_orc_crystal_geode

Skill      XL: |  1  2  3  4  5  6  7  8  9 10 11 12 13 14 15 16 17 |
---------------+----------------------------------------------------+-----
Necromancy     | 5 6 7 8 9 10 11 13 14 15 16 17 | 17.3
Stealth        | 4 5 6 7 8 9 11 12 | 12.9
Spellcasting   | 3 4 5 6 8 9 10 11 12 | 12.0
Fighting       | 1 2 3 4 5 6 7 8 9 10 11 | 11.2
Short Blades   | 1 2 4 5 6 7 8 9 11 13 14 | 14.0
Dodging        | 3 4 5 6 7 9 10 11 12 13 | 13.4
Evocations     | 1 3 4 5 6 7 |  7.1
Ice Magic      | 3 4 6 |  6.0
Shields        | 1 4 |  4.0
Charms         | 4 |  4.6

Action                   |  1- 3 |  4- 6 |  7- 9 | 10-12 | 13-15 | 16-18 || total
-------------------------+-------+-------+-------+-------+-------+-------++-------
Melee: Unarmed           |     9 |       |       |       |       |       ||     9
       Dagger            |    75 |    95 |    13 |    46 |    36 |       ||   265
       Falchion          |       |    20 |   242 |   579 |   185 |       ||  1026
       Bite              |       |       |       |    45 |   139 |    46 ||   230
       Rapier            |       |       |       |       |  1022 |   561 ||  1583
       Falchion          |       |       |       |       |   237 |    33 ||   270
Throw: Stone             |       |       |     4 |     1 |     1 |     1 ||     7
 Cast: Pain              |    40 |    85 |   130 |    63 |     4 |       ||   322
       Animate Skeleton  |     4 |     6 |     1 |       |       |       ||    11
       Regeneration      |       |     5 |    44 |    98 |     8 |       ||   155
       Animate Dead      |       |     1 |    28 |    33 |     7 |       ||    69
       Dispel Undead     |       |       |       |     5 |       |       ||     5
       Bolt of Draining  |       |       |       |   145 |    49 |       ||   194
       Vampiric Draining |       |       |       |     5 |       |       ||     5
       Bolt of Draining  |       |       |       |       |   201 |   126 ||   327
       Regeneration      |       |       |       |       |   129 |   120 ||   249
       Animate Dead      |       |       |       |       |    94 |    69 ||   163
       Death Channel     |       |       |       |       |    17 |       ||    17
       Vampiric Draining |       |       |       |       |    17 |    13 ||    30
       Pain              |       |       |       |       |     8 |       ||     8
       Dispel Undead     |       |       |       |       |    22 |     6 ||    28
       Simulacrum        |       |       |       |       |     1 |       ||     1
       Agony             |       |       |       |       |       |    57 ||    57
Invok: Receive Corpses   |       |       |    15 |    13 |     3 |       ||    31
       Receive Corpses   |       |       |       |       |    46 |    29 ||    75
       Brand Weapon With |       |       |       |       |     1 |       ||     1
 Abil: Evoke Blink       |       |       |       |       |     2 |     3 ||     5
       End Transformatio |       |       |       |       |       |     1 ||     1
       Bat Form          |       |       |       |       |       |     1 ||     1
Evoke: Club              |       |       |       |       |     4 |       ||     4
       Wand              |       |       |       |       |     7 |     1 ||     8
  Use: Potion            |     1 |     7 |    11 |    35 |    10 |       ||    64
       Scroll            |       |    12 |     7 |    22 |     2 |       ||    43
       Potion            |       |       |       |       |    54 |    40 ||    94
       Scroll            |       |       |       |       |    18 |     5 ||    23
 Stab: Sleeping          |     6 |    13 |    12 |    29 |     9 |       ||    69
       Distracted        |     1 |       |     2 |     5 |     2 |       ||    10
       Sleeping          |       |       |       |       |    33 |    22 ||    55
       Distracted        |       |       |       |       |    13 |     4 ||    17
Armor: Robe              |       |       |       |   241 |    69 |       ||   310
       Robe              |       |       |       |       |   284 |   157 ||   441
Dodge: Dodged            |       |       |       |   686 |   211 |       ||   897
       Dodged            |       |       |       |       |   857 |   546 ||  1403
Block: Buckler           |       |       |       |       |     3 |   190 ||   193
